 Dungeon Crawl Stone Soup version 0.30-a0-1008-g30c9307041 (webtiles) character file.

Game seed: 13758747372796225334

725 testman the Changer (level 7, 0/52 HPs)
             Began as a Red Draconian Transmuter on Apr 5, 2023.
             Succumbed to a scorpion's poison
             ... on level 5 of the Dungeon.
             The game lasted 00:12:05 (4087 turns).

testman the Changer (Red Draconian Transmuter)      Turns: 4087, Time: 00:12:06

Health: 0/52       AC:  2    Str: 13      XL:     7   Next: 43%
Magic:  1/12       EV: 19    Int: 14 (15) God:
Gold:   192        SH:  0    Dex: 22      Spells: 7/13 levels left

rFire   . . .      SeeInvis .      - Unarmed
rCold   . . .      Faith    .    n - melded +0 buckler
rNeg    . . .      Spirit   +    (body armour unavailable)
rPois   x          Reflect  .    (helmet currently unavailable)
rElec   .          Rampage  .    l - melded +0 cloak
rCorr   .                        (gloves currently unavailable)
Will    .....                    (boots currently unavailable)
Stlth   ++                       w - amulet of guardian spirit
HPRegen 0.28/turn                f - +6 ring of dexterity
MPRegen 0.13/turn                (no ring)

@: lethally poisoned (0 -> -23), spider-form, wereblooded, hasted, very quick
A: venomous fangs, (breathe fire), AC +6, tiny, unfitting armour, (fire
resistance 1), (cold-blooded)
a: End Transformation


You were on level 5 of the Dungeon.
You were a venomous arachnid creature.
You visited 1 branch of the dungeon, and saw 5 of its levels.

You collected 192 gold pieces.

Inventory:

Missiles
 c - 5 poisoned darts
 i - 2 throwing nets
Armour
 l - a +0 cloak (melded)
 n - a +0 buckler (melded)
Jewellery
 f - a +6 ring of dexterity (left front pincers)
 w - an amulet of guardian spirit (around neck)
Scrolls
 b - 7 scrolls of teleportation {unknown}
 d - 4 scrolls of identify {unknown}
 e - a scroll of fear {unknown}
 g - a scroll of noise {unknown}
 j - a scroll of enchant armour {unknown}
 m - 3 scrolls of immolation {unknown}
 o - a scroll of blinking {unknown}
 p - 2 scrolls of magic mapping {unknown}
 r - a scroll of torment {unknown}
 s - a scroll of acquirement {unknown}
Potions
 a - 2 potions of lignification
 t - a potion of curing {unknown}
 u - a potion of ambrosia {unknown}
 v - a potion of brilliance {unknown}


   Skills:
 - Level 1.1 Fighting
 - Level 1.7 Dodging
 - Level 4.0 Shields
 - Level 3.7 Unarmed Combat
 + Level 3.5 Spellcasting
 + Level 4.4 Transmutations
 - Level 4.0 Poison Magic


You had 7 spell levels left.
You knew the following spells:

 Your Spells              Type           Power      Damage    Failure   Level
a - Beastly Appendage     Tmut           28%        N/A       11%         1
b - Wereblood             Tmut           14%        N/A       14%         2
c - Spider Form           Tmut/Pois      14%        N/A       26%         3

Your spell library contained the following spells:

 Spells                   Type           Power      Damage    Failure   Level
 Kiss of Death            Conj/Necr      8%         2d6       41%         1
 Summon Small Mammal      Summ           8%         N/A       41%         1
 Call Canine Familiar     Summ           2%         N/A       73%         3
 Confusing Touch          Hex            2%         N/A       73%         3
 Gell's Gravitas          Tloc           2%         N/A       73%         3
 Summon Guardian Golem    Hex/Summ       2%         N/A       73%         3
 Teleport Other           Tloc           2%         N/A       73%         3
 Ice Form                 Ice/Tmut       8%         N/A       82%         4
 Dispel Undead            Necr           2%         3d7       97%         4
 Dispersal                Tloc           1%         N/A       100%        6


Dungeon Overview and Level Annotations

Branches:
Dungeon (5/15)
 Temple: D:4-7

Altars:
Sif Muna
Wu Jian


Innate Abilities, Weirdness & Mutations

You are a venomous arachnid creature.
You have venomous fangs.
You are tiny and dextrous.
Your spellcasting is less reliable in this form.
Your armour is entirely melded.
You are incapable of wielding weapons or throwing items.
((You can breathe blasts of fire.))
((Your fiery red scales are hard. (AC +6)))
You cannot fit into any form of body armour.
((Your flesh is heat resistant. (rF+)))
((You are cold-blooded and may be slowed by cold attacks.))


Message History

The jelly hits you.
You are splashed with acid.
Casting: Spider Form (dangerous; 28% risk of failure)
Confirm with . or Enter, or press ? or * to list all spells.
Your blood is infused with primal strength.
The jelly misses you.
You hit the jelly.
You feel a bit better.
You kill the jelly!
You hit the jelly.
The jelly is poisoned.
Your front pincers burn!
The jelly is lightly wounded.
The jelly hits you.
You are splashed with acid.
You bite the jelly!
The jelly looks as sick as possible!
Your front pincers burn!
* * * LOW HITPOINT WARNING * * *
The jelly is almost dead.
The jelly closely misses you.
You bite the jelly!
You feel a bit better.
You kill the jelly!
You hiss as the wereblood boils in your veins!
You hear a bark!
You feel your dexterity returning.
You hit the scorpion.
The scorpion is lightly wounded.
The scorpion closely misses you.
You barely miss the scorpion.
The scorpion is lightly wounded.
The scorpion misses you.
You hit the scorpion.
The scorpion is poisoned.
The scorpion is lightly wounded.
The scorpion stings you.
You are lethally poisoned!
The scorpion poisons you!
You hit the scorpion.
The scorpion looks as sick as possible!
The scorpion is heavily wounded.
* * * LOW HITPOINT WARNING * * *
You feel very sick. The scorpion stings you.
* * * LOW HITPOINT WARNING * * *
It was a potion of haste.
You feel yourself speed up.
You hiss as the wereblood boils in your veins!
You die...

##### #..##..# #### #......
#...# #..##..# ..# ##.#...
#####...# #.#..#.#c#J#
#..#... ........# #......#hS
#.##... ........# ##'######
## #(##... ........# #.....#.
..# #..#...
#####...####.#.#.# ##.#
##.....
#......#..#..#.##.#######....
#...##.#.#.#ss....#.....#....
#...##.#.....######.....#####
##.###.############.....#####
#...<...........#...........
#........######<#......##...
#........########†#######...
...#...............# #...
....######.####.....# #...
... #.# ##.##.# #...


You could see a scorpion (extremely poisoned).

Vanquished Creatures
  The ghost of jimonade the Magician, an amateur DjFE (D:4)
  2 jellies (D:5)
  2 centaur zombies (D:4)
  3 orc priests
  A gnoll bouda (D:4)
  A hound (D:5)
  An iguana (D:4)
  3 orc wizards
  A howler monkey skeleton (D:4)
  3 gnolls (D:4)
  8 dart slugs
  11 orcs
  6 ball pythons
  6 bats
  6 endoplasms
  6 giant cockroaches
  10 goblins
  7 hobgoblins
  6 jackals
  2 kobolds (D:4)
  3 quokkas
  7 frilled lizards
  12 rats
108 creatures vanquished.

Vanquished Creatures (others)
  5 demonic plants (D:2)
  A fungus (D:2)
  3 plants (D:2)
  6 withered plants (D:2)
15 creatures vanquished.

Grand Total: 123 creatures vanquished

Notes
Turn   | Place    | Note
-------+----------+-------------------------------------------
     0 | D:1      | testman the Draconian Transmuter began the quest for the
                  | Orb.
     0 | D:1      | Reached XP level 1. HP: 16/16 MP: 3/3
    91 | D:1      | Reached XP level 2. HP: 18/23 MP: 1/5
    94 | D:1      | Learned a level 2 spell: Wereblood
   558 | D:1      | Reached skill level 1 in Poison Magic
   563 | D:1      | Reached XP level 3. HP: 28/28 MP: 3/6
  1424 | D:2      | Reached skill level 1 in Shields
  1499 | D:2      | Reached XP level 4. HP: 35/35 MP: 5/7
  1582 | D:2      | Found a faded altar of an unknown god.
  2170 | D:3      | Learned a level 3 spell: Spider Form
  2394 | D:3      | Reached XP level 5. HP: 39/40 MP: 5/8
  3054 | D:4      | Found an ornate altar of the Wu Jian Council.
  3278 | D:4      | Found a runed translucent gate.
  3278 | D:4      | Found a runed translucent gate.
  3355 | D:4      | Reached XP level 6. HP: 47/47 MP: 5/9
  3518 | D:4      | Found a runed translucent gate.
  3699 | D:4      | Found a shimmering blue altar of Sif Muna.
  3782 | D:4      | Noticed jimonade's ghost (amateur DjFE)
  3823 | D:4      | Killed jimonade's ghost
  3824 | D:4      | Your scales start taking on a fiery red colour.
  3824 | D:4      | Reached XP level 7. HP: 25/52 MP: 3/11
  3824 | D:4      | Gained mutation: Your flesh is heat resistant. (rF+) [Red
                  | Draconian growth]
  3921 | D:5      | Entered Level 5 of the Dungeon
  4087 | D:5      | Succumbed to a scorpion's poison

Illustrated notes

Levels and vault maps discovered:
D:1:      sevenhm_arrival_forest_fort_small_3, layout_basic,
          ebering_dispersal_statue_hall
D:2:      layout_loops_ring, shapermc_ecumenical_altar_gd
D:3:      layout_loops_corners
D:4:      layout_basic, lemuel_round_altar, lemuel_crystal_altar,
          gammafunk_ghost_necromancy, chequers_serial_rivers_micro_a
D:5:      minmay_clustersquares, layout_basic,
          mainiacjoe_overflow_catch_the_wave, serial_corexii_hall,
          corexii_hall_statues_deadend, chequers_hall_statues_y

Skill      XL: |  1  2  3  4  5  6  7 |
---------------+----------------------+-----
Transmutations | 3 4 |  4.4
Poison Magic   | 1 2 3 4 |  4.0
Shields        | 1 2 3 4 |  4.0
Spellcasting   | 3 |  3.5
Fighting       | |  1.1
Dodging        | |  1.7
Unarmed Combat | |  3.7

Action                     |  1- 3 |  4- 6 |  7- 9 || total
---------------------------+-------+-------+-------++-------
  Melee: Unarmed           |   118 |   161 |    25 ||   304
         Kick              |    31 |    54 |       ||    85
         Tailslap          |    10 |    25 |       ||    35
         Headbutt          |    11 |    21 |       ||    32
   Cast: Beastly Appendage |    30 |    28 |       ||    58
         Wereblood         |     4 |     5 |     2 ||    11
         Spider Form       |       |       |     3 ||     3
    Use: Potion            |       |     4 |     1 ||     5
   Stab: Sleeping          |     5 |     1 |       ||     6
 Armour: Skin              |    26 |    77 |     2 ||   105
  Dodge: Dodged            |    59 |    81 |    22 ||   162
  Block: Buckler           |    10 |    38 |       ||    48

Table legend: (Time is in decaauts)
 A = Elapsed time spent in this place.
 B = Non-inter-level travel time spent in this place.
 C = Inter-level travel time spent in this place.
 D = Time resting spent in this place.
 E = Time spent auto-exploring this place.
 F = Levels seen in this place.
 G = Mean time per level.
                   A        B        C        D        E       F      G
               +--------+--------+--------+--------+--------+-----+--------+
         Total |   4102 |   4013 |     89 |    105 |   3051 |   5 |  820.4 |
       Dungeon |   4102 |   4013 |     89 |    105 |   3051 |   5 |  820.4 |
               +--------+--------+--------+--------+--------+-----+--------+

Top non-repeatable levels by time:
     D:4: 1274 daAuts
     D:1: 930 daAuts
     D:3: 895 daAuts
     D:2: 837 daAuts
     D:5: 163 daAuts
